Map: Cerulean Fall LE

Players

Rail - Winner!

  • Race: Protoss Protoss
  • League: Master
  • Spawn Location: 7:00

Cure

  • Race: Terran Terran
  • League: Master
  • Spawn Location: 1:00

Event: HomeStory Cup XVIII

VOD

Have the link to the VOD?

Description

Time

  • Played on: Nov. 22, 2018, 6:37 a.m.
  • Length: 14:55

All games in this series

Show
View Real Time Build Order
Export as new Build Order

Rail Protoss - Winner!

Build Orders: 1 Gate Expand, Colossus Rush 

Get SALT Encoding   

  12  0:00  Probe  
  13  0:13  Probe  
  14  0:17  Pylon  
  14  0:24  Probe  
  15  0:32  Probe  
  15  0:36  Gateway  
  15  0:41  Probe  
  16  0:46  Assimilator  
  17  0:53  Probe  
  18  1:05  Probe  
  19  1:18  Nexus  
  19  1:28  Cybernetics Core  
  19  1:30  Probe  
  20  1:35  Assimilator  
  20  1:42  Probe  
  20  1:46  Pylon  
  21  1:54  Probe  
  21  1:55  Adept  
  22  2:08  Robotics Facility  
  24  2:11  Probe  
  25  2:16  Adept  
  25  2:17  Warp Gate  
  25  2:23  Probe  
  28  2:30  Probe  
  28  2:35  Probe  
  30  2:41  Stalker  
  30  2:42  Probe  
  33  2:48  Probe  
  34  2:54  Probe  
  34  2:55  Immortal  
  35  3:00  Probe  
  40  3:06  Probe  
  40  3:12  Probe  
  42  3:18  Probe  
  42  3:19  Stalker  
  43  3:24  Probe  
  43  3:25  Pylon  
  44  3:30  Probe  
  45  3:35  Observer  
  46  3:42  Gateway  
  46  3:43  Probe x2  
  46  3:44  Gateway  
  48  3:55  Pylon  
  48  3:56  Probe x2  
  48  3:57  Observer  
  51  4:10  Nexus  
  51  4:12  Probe  
  51  4:15  Pylon  
  52  4:18  Probe  
  52  4:20  Assimilator  
  52  4:21  Stalker  
  55  4:36  Stalker, Probe  
  53  4:38  Probe  
  53  4:44  Probe  
  53  4:46  Probe, Assimilator  
  55  4:52  Stalker  
  55  4:53  Robotics Bay, Probe  
  55  4:54  Stalker  
  55  4:56  Probe  
  61  5:02  Stalker  
  61  5:04  Immortal  
  61  5:05  Probe  
  61  5:06  Pylon  
  64  5:08  Probe  
  65  5:17  Probe  
  65  5:21  Probe  
  70  5:24  Stalker, Probe, Sentry  
  70  5:26  Probe  
  76  5:29  Probe  
  76  5:31  Colossus  
  76  5:33  Probe  
  76  5:34  Probe  
  78  5:37  Probe  
  78  5:40  Pylon  
  80  5:45  Probe  
  80  5:48  Probe  
  88  5:50  Probe  
  88  5:54  Extended Thermal Lance  
  89  5:57  Probe  
  89  6:00  Probe  
  89  6:02  Probe  
  89  6:03  Pylon  
  92  6:05  Pylon  
  92  6:09  Colossus  
  92  6:12  Probe  
  92  6:13  Probe  
  92  6:16  Gateway  
  94  6:19  Probe  
  94  6:20  Zealot  
  94  6:21  Sentry  
  94  6:25  Zealot  
  107  6:29  Assimilator  
  107  6:30  Pylon  
  107  6:36  Gateway  
  107  6:42  Zealot, Forge  
  107  6:44  Forge  
  107  6:45  Pylon, Stalker  
  111  6:52  Zealot  
  113  6:54  Immortal  
  113  6:56  Assimilator  
  113  6:59  Protoss Ground Weapons Level 1  
  113  7:06  Pylon, Protoss Ground Armor Level 1  
  113  7:07  Twilight Council  
  113  7:08  Probe  
  118  7:13  Pylon x2  
  118  7:17  Zealot x2  
  118  7:18  Probe  
  123  7:26  Stalker x2  
  123  7:28  Blink  
  128  7:31  Pylon, Sentry  
  128  7:32  Pylon  
  129  7:39  Disruptor  
  129  7:40  Zealot, Stalker  
  136  7:49  Pylon  
  136  7:51  Zealot  
  138  7:52  Stalker  
  138  7:55  Zealot  
  138  7:56  Photon Cannon  
  142  8:03  Stalker x2  
  146  8:08  Gateway  
  146  8:12  Stalker  
  148  8:16  Disruptor  
  151  8:21  Stalker x2  
  151  8:22  Pylon  
  155  8:32  Zealot, Stalker  
  159  8:42  Stalker  
  159  8:44  Nexus  
  159  8:47  Stalker x2  
  165  8:50  Pylon  
  165  8:56  Stalker x2  
  172  9:13  Zealot x2, Stalker  
  172  9:14  Zealot  
  166  9:19  Charge  
  166  9:23  Stalker x2  
  155  9:43  Zealot x3, Stalker  
  151  9:56  Nexus, Forge  
  151  9:57  Pylon  
  151  9:58  Pylon  
  151  9:59  Pylon  
  149  10:01  Pylon  
  149  10:03  Pylon  
  149  10:07  Pylon  
  149  10:08  Assimilator  
  149  10:10  Protoss Ground Weapons Level 2  
  149  10:12  Pylon  
  149  10:16  Protoss Ground Armor Level 2  
  149  10:17  Pylon  
  149  10:18  Pylon  
  149  10:21  Observer  
  149  10:25  Stalker  
  149  10:26  Stalker  
  149  10:27  Robotics Facility  
  153  10:29  Gateway, Robotics Facility  
  153  10:33  Probe x2  
  155  10:46  Probe  
  148  11:03  Stalker x2  
  148  11:04  Stalker x2  
  144  11:09  Stalker  
  142  11:21  Nexus  
  142  11:23  Immortal  
  142  11:24  Probe  
  142  11:25  Probe  
  148  11:34  Pylon  
  144  11:43  Stalker x2  
  144  11:44  Stalker x2  
  144  11:45  Stalker  
  154  11:53  Warp Prism  
  156  12:04  Immortal  
  156  12:08  Stalker x2  
  160  12:09  Stalker  
  164  12:26  Stalker x2  
  168  12:32  Zealot x2, Stalker  
  167  12:39  Immortal  
  123  13:06  Nexus  
  123  13:07  Stalker x2  
  123  13:08  Sentry x2  
  131  13:16  Sentry  
  133  13:25  Probe  
  134  13:32  Stalker  
  111  13:46  Probe  
  96  13:49  Sentry, Stalker  
  98  14:03  Stalker  
  100  14:15  Stalker  
  82  14:25  Sentry x3  
  88  14:33  Stalker  
  84  14:52  Stalker x3  
Show
View Real Time Build Order
Export as new Build Order

Cure Terran 

Build Orders: Gas First Reaper Expand, Reaper Expand 

Get SALT Encoding   

  12  0:00  SCV  
  13  0:13  SCV  
  14  0:17  Supply Depot  
  14  0:25  SCV  
  14  0:28  Refinery  
  15  0:39  SCV  
  16  0:45  Barracks  
  16  0:51  SCV  
  17  1:03  SCV  
  18  1:15  SCV  
  19  1:31  Orbital Command  
  19  1:32  Reaper  
  20  1:45  Command Center  
  20  1:58  SCV  
  20  2:01  Factory  
  21  2:06  Barracks Reactor  
  21  2:10  SCV  
  21  2:14  Supply Depot  
  22  2:19  Refinery  
  22  2:22  SCV  
  23  2:35  SCV  
  24  2:44  Marine x2  
  24  2:45  Hellion  
  24  2:47  SCV  
  24  2:49  Starport  
  29  2:59  SCV, Orbital Command  
  30  3:05  Marine x2  
  30  3:12  Widow Mine  
  34  3:13  SCV  
  35  3:23  Marine x2  
  35  3:25  Medivac  
  39  3:27  SCV x2  
  40  3:34  Factory Tech Lab  
  40  3:39  Supply Depot, SCV x2  
  42  3:44  Marine x2  
  44  3:51  Bunker, SCV  
  44  3:52  SCV  
  46  4:01  Supply Depot, Siege Tank  
  49  4:03  Marine  
  49  4:05  Marine, Liberator  
  49  4:08  SCV x2  
  53  4:20  SCV  
  53  4:22  SCV  
  53  4:23  Supply Depot  
  58  4:29  Marine x2  
  60  4:32  SCV  
  60  4:34  SCV  
  55  4:47  Barracks  
  55  4:49  Marine x2  
  55  4:50  Factory Tech Lab, SCV x2, Barracks  
  59  4:53  Engineering Bay x2  
  59  5:02  SCV x2  
  59  5:05  Supply Depot  
  59  5:06  Supply Depot, Marine  
  59  5:07  Marine  
  63  5:14  SCV  
  63  5:15  SCV  
  63  5:20  Terran Infantry Weapons Level 1, Terran Infantry Armor Level 1  
  65  5:24  Marine x2  
  65  5:27  Factory Reactor  
  65  5:28  Starport Reactor  
  67  5:37  Stimpack  
  67  5:41  Marauder, Command Center  
  69  5:45  Marine x2, Marauder  
  69  5:47  SCV x2  
  72  5:50  Combat Shield  
  72  5:52  Refinery  
  72  5:54  Refinery  
  72  6:00  Supply Depot, SCV x2  
  74  6:05  Marine x2  
  74  6:06  Marauder  
  74  6:07  Marauder  
  84  6:17  SCV x2  
  82  6:18  Barracks x2  
  82  6:21  Factory Tech Lab  
  82  6:23  Supply Depot  
  82  6:25  Medivac  
  82  6:27  Medivac  
  82  6:29  SCV  
  82  6:31  SCV  
  88  6:38  Marauder x2  
  92  6:42  SCV  
  92  6:43  Marine  
  92  6:44  Marine, SCV  
  96  6:47  Supply Depot  
  96  6:53  Orbital Command  
  96  6:55  SCV  
  96  6:56  SCV  
  96  6:59  Armory  
  97  7:03  Refinery  
  97  7:05  Refinery  
  97  7:10  Marauder x2  
  97  7:12  SCV x2  
  97  7:15  Marauder, Concussive Shells  
  105  7:16  Marine  
  105  7:19  Marine  
  105  7:20  Marine x2  
  109  7:23  Medivac  
  109  7:28  SCV x3  
  113  7:34  Supply Depot  
  113  7:35  Supply Depot, Marauder x2  
  117  7:37  Medivac  
  119  7:46  Factory Reactor  
  119  7:48  Terran Infantry Weapons Level 2  
  119  7:49  Terran Infantry Armor Level 2  
  119  7:53  Terran Ship Weapons Level 1  
  119  7:54  SCV x3  
  119  7:57  Supply Depot  
  122  7:59  Supply Depot  
  122  8:05  Marauder x3  
  128  8:06  Marine x2  
  128  8:07  Marine  
  128  8:09  Marine  
  132  8:29  Marauder x3, Barracks x2  
  132  8:30  Marine x4, Barracks  
  142  8:37  Medivac x2  
  142  8:38  Widow Mine  
  142  8:39  Widow Mine  
  150  8:54  Supply Depot  
  150  8:55  Supply Depot  
  149  8:56  Supply Depot  
  149  8:57  Liberator  
  149  8:59  Liberator  
  149  9:05  Marauder x3  
  149  9:07  Marine x4  
  151  9:10  Widow Mine  
  151  9:11  Widow Mine  
  156  9:29  Marine x4, Marauder  
  156  9:30  Marauder x2  
  155  9:40  Widow Mine x2  
  148  9:48  Marine x2  
  148  9:49  Marine x2  
  148  9:51  Marauder x3  
  145  9:57  Medivac  
  145  9:59  Medivac  
  138  10:04  Barracks Reactor  
  138  10:05  Barracks Tech Lab  
  138  10:06  Marine x4, Barracks Tech Lab  
  140  10:10  Terran Infantry Weapons Level 3  
  140  10:12  Marauder x3  
  146  10:16  Terran Infantry Armor Level 3  
  146  10:22  Widow Mine x2  
  146  10:27  Medivac  
  152  10:29  Medivac  
  152  10:32  Marauder x2  
  152  10:33  Marine  
  152  10:34  Marauder  
  161  10:38  Marine x3  
  164  10:43  Supply Depot  
  164  10:44  Supply Depot  
  164  10:46  Marine x2  
  164  10:47  Marauder  
  150  11:00  Marine x4  
  150  11:01  Marauder x3  
  149  11:07  Widow Mine x2  
  146  11:14  Medivac x2  
  146  11:18  Marine x2, Marauder  
  142  11:19  Marauder  
  142  11:22  Marauder  
  148  11:36  Marauder x2  
  154  11:40  Marauder  
  154  11:42  Marine x6  
  154  11:45  Widow Mine x2  
  161  11:52  Medivac  
  163  11:54  Terran Ship Weapons Level 2  
  163  11:58  Command Center  
  163  11:59  Marauder x2, Marine  
  163  12:16  Marine x6, Marauder x2  
  163  12:18  Marauder  
  163  12:21  Marauder  
  163  12:22  Marauder  
  158  12:42  Marine, Marauder  
  158  12:43  Marine  
  142  12:44  Marine  
  142  12:45  Marine  
  142  12:47  Marauder, Orbital Command  
  131  12:54  Marine x3, Marauder  
  124  13:06  Marine  
  119  13:12  Planetary Fortress  
  115  13:22  Orbital Command  
  94  13:41  Marine x2  
  94  13:42  Marine x3, Marauder x3  
  71  13:49  Marine, Marauder x2  
  76  13:59  Marine  
  76  14:00  Marine  
  74  14:06  Marine  
  64  14:25  Marine, Marauder  
  67  14:36  Marine  
Tags
 
Add a new tag
Caveats
  • Supply blocks, unpowered buildings, or Contaminate may cause inaccurate times.
  • Supply counts are checked every 10 seconds.